 Dungeon Crawl Stone Soup version 0.21-a0-504-g2eda330 (webtiles) character file.

66 theanonym the Chopper (level 3, -1/30 HPs)
             Began as a Demonspawn Chaos Knight on Nov 27, 2017.
             Slain by a fire bat (4 damage)
             ... on level 3 of the Dungeon.
             The game lasted 00:02:20 (1712 turns).

theanonym the Chopper (Demonspawn Chaos Knight)     Turns: 1712, Time: 00:02:22

Health: -1/30      AC:  5    Str: 18    XL:     3   Next: 96%
Magic:  3/3        EV: 10    Int: 13    God:    Xom [......]
Gold:   62         SH:  0    Dex: 12    Spells: 2/2 levels left

rFire    . . .     SeeInvis .   a - +0 hand axe (chaos)
rCold    . . .     Gourm    .   (no shield)
rNeg     . . .     Faith    .   m - +0 ring mail
rPois    .         Spirit   .   (no helmet)
rElec    .         Reflect  .   (no cloak)
rCorr    .         Harm     .   (no gloves)
MR       .....     Clarity  +   (no boots)
Stlth    +.........             (no amulet)
HPRegen  0.10/turn              (no ring)
MPRegen  0.08/turn              (no ring)

@: mighty
A: clarity, mutation resistance 1, spiny 1
a: Renounce Religion


Innate Abilities, Weirdness & Mutations

You are partially covered in sharp spines.
You possess an exceptional clarity of mind.
You are somewhat resistant to further mutation.


   Skills:
 + Level 3.7 Fighting
 * Level 4.0 Axes
 - Level 1.7 Armour
 - Level 0.8 Dodging


You had 2 spell levels left.
You didn't know any spells.

Skill      XL: |  1  2  3 |
---------------+----------+-----
Axes           | 3 4 |  4.0
Fighting       | |  3.7
Armour         | |  1.7
Dodging        | |  0.8

Action                   || total
-------------------------++-------
Melee: Hand axe          ||    77
  Use: Potion            ||     3
  Eat: Chunk             ||     2
Armor: Leather armour    ||    12
       Ring mail         ||    14
Dodge: Dodged            ||    43

Inventory:

Hand Weapons
 a - a +0 hand axe of chaos (weapon)
Missiles
 e - 18 poisoned needles
 h - 3 javelins (quivered)
 t - 6 tomahawks
Armour
 b - a +2 leather armour
 m - a +0 ring mail (worn)
   (You found it on level 1 of the Dungeon)
Scrolls
 d - a scroll of immolation {unknown}
 f - a scroll of noise {unknown}
 g - 3 scrolls of identify {unknown}
 i - 2 scrolls of blinking {unknown}
 j - a scroll of amnesia {unknown}
 k - a scroll of fear {unknown}
 n - a scroll of fog {unknown}
 p - a scroll of remove curse {unknown}
Potions
 q - a potion of might
Books
 r - a book of Cantrips
   (You found it on level 2 of the Dungeon)

   Spells                             Type                      Level
   a - Confusing Touch                Hexes                        1
   b - Animate Skeleton               Necromancy                   1
   c - Summon Small Mammal            Summoning                    1
   d - Apportation                    Translocation                1
Comestibles
 c - 3 bread rations
 o - a meat ration
 s - a royal jelly
 v - 7 chunks of flesh

Dungeon Overview and Level Annotations

Branches:
Dungeon (3/15)

Altars:
Fedhas
Makhleb
Ru
Trog
Xom
Zin


You were on level 3 of the Dungeon.
You worshipped Xom.
You were a very special plaything of Xom.
You were hungry.

You visited 1 branch of the dungeon, and saw 3 of its levels.

You collected 62 gold pieces.


Message History

An adder is nearby!
An adder is nearby!
You barely miss the adder. The adder barely misses you.
The adder bites you but does no damage.
Health restored: 29 You miss the adder.
The adder barely misses you.
You miss the adder. The adder barely misses you. x2
You miss the adder. The adder bites you but does no damage.
You closely miss the adder. The adder is struck by your spines.
The adder bites you. The adder barely misses you.
You take 3 damage, and have 26/29 hp.
You slash the adder! The adder is struck by your spines.
The adder closely misses you.
You hit the adder.
You kill the adder!
No target in view!
No target in view!
No target in view!
You start resting.
Health restored: 30 Some of the chunks of flesh in your inventory have rotted away.
Found a stone staircase leading down.
You see here an adder corpse.
You butcher the adder corpse.
v - 7 chunks of flesh (gained 1)
You see here an adder skeleton. x2
A kobold comes into view.
The kobold throws a stone.
The stone hits you but does no damage.
You see here a stone.
A kobold is nearby!
A kobold is nearby!
A kobold is nearby!
A kobold is nearby!
A kobold is nearby!
A kobold is nearby!
Unknown command.
A kobold is nearby!
A kobold is nearby!
A kobold is nearby!
A kobold is nearby!
A frilled lizard comes into view.
The frilled lizard hisses angrily.
The frilled lizard moves out of view.
A worm comes into view.
You closely miss the kobold. The kobold barely misses you.
You barely miss the kobold. The kobold is struck by your spines.
The kobold hits you.
You take 1 damage, and have 29/30 hp.
You hit the kobold.
You kill the kobold!
Your Axes skill increases to level 4!
Your ring mail prevents you from hitting the frilled lizard.
The frilled lizard is struck by your spines.
The frilled lizard closely misses you.
You closely miss the frilled lizard.
The frilled lizard is struck by your spines.
You kill the frilled lizard!
You hit the worm. You hit the worm.
The worm evaporates and reforms as a fire bat!
Xom is mildly amused.
The fire bat closely misses you.
The fire bat bites you but does no damage.
The fire bat closely misses you.
The fire bat bites you but does no damage.
Health restored: 30 You closely miss the fire bat.
The fire bat bites you.
You are engulfed in flames!
The fire bat closely misses you.
You take 12 damage, and have 18/30 hp.
MASSIVE DAMAGE!!
You are too injured to fight recklessly!
You are too injured to fight recklessly!
You are too injured to fight recklessly!
Unknown command.
The fire bat barely misses you. The fire bat is struck by your spines.
The fire bat bites you.
* * * LOW HITPOINT WARNING * * *
You are engulfed in flames!
* * * LOW HITPOINT WARNING * * *
You take 11 damage, and have 7/30 hp.
MASSIVE DAMAGE!!
Unknown command.
Unknown command.
Unknown command.
It was a potion of might.
You feel very mighty all of a sudden.
Xom thinks this is hilarious!
The fire bat barely misses you.
Okay, then.
It was a potion of mutation.
You feel extremely strange.
Your connection to magic feels subdued.
Your magic regains its normal vibrancy.
Your thoughts seem clearer.
You feel genetically stable.
You are feeling hungry.
The fire bat bites you but does no damage.
It was a potion of curing.
You feel better. The fire bat barely misses you. The fire bat bites you.
* * * LOW HITPOINT WARNING * * *
You are engulfed in flames!
* * * LOW HITPOINT WARNING * * *
The fire bat is struck by your spines. The fire bat bites you.
You die...
Xom snickers!

###..รท.##.# ##+## #
#..#..#.# ##...##
#.....#.# ##.....##
#.###...# ##.......##
####.###...####.........#
............>.+.....))..'
####....(...###.........#
###.###..#.# ##.....<.##
#......@b..# ##.....##
#.#.#...#..# ##...## #
#.###..# ##+## #........#
###.###.... ... .## #.#
#.# #.#


You could see a fire bat.

Notes
Turn   | Place    | Note
-------+----------+-------------------------------------------
     0 | D:1      | theanonym the Demonspawn Chaos Knight began the quest for the Orb.
     0 | D:1      | Reached XP level 1. HP: 18/18 MP: 1/1
    25 | D:1      | XOM: harmless Hex miscast
   132 | D:1      | XOM: divination: detect creatures
   134 | D:1      | Reached skill level 3 in Axes
   195 | D:1      | Gained mutation: You are partially covered in sharp spines. [demonic ancestry]
   195 | D:1      | Reached XP level 2. HP: 23/24 MP: 2/2
   597 | D:1      | XOM: harmless Tmut miscast
   718 | D:2      | Found a sacrificial altar of Ru.
   743 | D:2      | XOM: stat loss: -1 Str (11/12)
   817 | D:2      | Reached XP level 3. HP: 18/29 MP: 3/3
   856 | D:2      | XOM: medium Pois miscast
  1041 | D:2      | HP: 14/29 [poisoned by an adder]
  1049 | D:2      | HP: 13/29 [poisoned by an adder]
  1245 | D:2      | Found a burning altar of Makhleb.
  1391 | D:2      | Found a glowing silver altar of Zin.
  1392 | D:2      | Found a shimmering altar of Xom.
  1393 | D:2      | Found a bloodstained altar of Trog.
  1396 | D:2      | Found a blossoming altar of Fedhas.
  1495 | D:2      | XOM: noise
  1701 | D:3      | Reached skill level 4 in Axes
  1705 | D:3      | Noticed a fire bat
  1705 | D:3      | a worm changed into a fire bat
  1709 | D:3      | HP: 15/30 [fire bat (3)]
  1709 | D:3      | HP: 7/30 [fire bat (8)]
  1711 | D:3      | Gained mutation: Your spells are a little easier to cast, but a little less powerful. [potion of mutation]
  1711 | D:3      | Lost mutation: Your spells are a little easier to cast, but a little less powerful. [potion of mutation]
  1711 | D:3      | Gained mutation: You possess an exceptional clarity of mind. [potion of mutation]
  1711 | D:3      | Gained mutation: You are somewhat resistant to further mutation. [potion of mutation]
  1712 | D:3      | HP: 3/30 [fire bat (9)]
  1712 | D:3      | Slain by a fire bat

Vanquished Creatures
  3 adders
  A dart slug (D:2)
  3 orcs (D:3)
  2 bats (D:2)
  3 giant cockroaches (D:2)
  4 hobgoblins
  3 jackals (D:1)
  A frilled lizard (D:3)
  4 goblins
  4 kobolds
  4 rats
32 creatures vanquished.
